 Dungeon Crawl Stone Soup version 0.28-a0-1629-gf728b707aa (webtiles) character file.

Game seed: 13450212344836507301

289 croobank the Firebug (level 6, 0/60 HPs)
             Began as a Draconian Fire Elementalist on Jan 24, 2022.
             Succumbed to a scorpion's poison
             ... on level 4 of the Dungeon.
             The game lasted 00:14:09 (3984 turns).

croobank the Firebug (Draconian Fire Elementalist)  Turns: 3984, Time: 00:14:10

Health: 0/60       AC: 23    Str: 12    XL:     6   Next: 9%
Magic:  1/10       EV:  2    Int: 16    God:
Gold:   112        SH:  0    Dex: 11    Spells: 8/11 levels left

rFire   . . .      SeeInvis .   b - +0 spear (vorpal)
rCold   . . .      Faith    .   (no shield)
rNeg    . . .      Spirit   .   (armour unavailable)
rPois   +          Reflect  .   (helmet currently unavailable)
rElec   .          Harm     .   (cloak currently unavailable)
rCorr   .          Rampage  .   (gloves currently unavailable)
Will    .....      NoTele   +   (boots currently unavailable)
Stlth   ++........              (no amulet)
HPRegen 0.20/turn               (no ring)
MPRegen 0.12/turn               (no ring)

@: brilliant, lethally poisoned (0 -> -5), tree-form, attractive
A: stationary, stasis, torment immunity, boosted hp, AC +6, unfitting armour,
(cold-blooded), (cold resistance 1), frail 1, screaming 1
a: no special abilities


You were on level 4 of the Dungeon.
You were a tree.
You visited 1 branch of the dungeon, and saw 5 of its levels.

You collected 124 gold pieces.
You spent 12 gold pieces at shops.

Inventory:

Hand Weapons
 b - a +0 vorpal spear (weapon)
 k - a +0 hand axe of freezing
 p - a +0 flail
Missiles
 d - 8 poisoned darts
 g - 85 stones
 i - 2 curare-tipped darts (quivered)
 l - 22 bolts
 m - 61 sling bullets
 u - 25 arrows
Armour
 e - a +0 pair of boots (melded)
Magical Staves
 f - a staff of earth
Scrolls
 a - 2 scrolls of immolation
 s - a scroll of noise
Potions
 n - a potion of lignification
 o - a potion of ambrosia {unknown}
 r - a potion of attraction


   Skills:
 + Level 2.0 Polearms
 + Level 2.8 Dodging
 + Level 3.0 Stealth
 + Level 3.0 Spellcasting
 + Level 2.5 Conjurations
 + Level 4.0 Fire Magic


You had 8 spell levels left.
You knew the following spells:

 Your Spells              Type           Power      Damage    Failure   Level
a - Foxfire               Conj/Fire      76%        2x1d7     4%          1
b - Scorch                Fire           44%        2d7       5%          2

Your spell library contained the following spells:

 Spells                   Type           Power      Damage    Failure   Level
 Conjure Flame            Conj/Fire      19%        6-21      14%         3
 Inner Flame              Hex/Fire       13%        N/A       24%         3
 Flame Wave               Conj/Fire      19%        2d6       43%         4


Dungeon Overview and Level Annotations

Branches:
Dungeon (5/15)
 Temple: D:4-7

Altars:

Shops:
D:2 (   D:4 *=*[

Annotations:
D:5 Sigmund


Innate Abilities, Weirdness & Mutations

You are a tree.
Your roots penetrate the ground, keeping you stationary.
You cannot be teleported.
You are immune to unholy pain and torment.
Your maximum health is greatly increased.
Your equipment is partially melded.
((Your plain brown scales are hard. (AC +6)))
You cannot fit into any form of body armour.
((You are cold-blooded and may be slowed by cold attacks.))
((Your flesh is cold resistant. (rC+)))
You are frail. (-10% HP)
You occasionally shout uncontrollably at your foes.


Message History

The scorpion is almost dead.
You feel very sick.
The scorpion stings you but does no damage.
You barely miss the scorpion.
The scorpion is almost dead.
You feel sick.
The scorpion is no longer more vulnerable to fire.
The scorpion misses you. The scorpion barely misses you.
You hit the scorpion but do no damage.
The scorpion is almost dead.
You feel sick. The scorpion barely misses you.
You hit the scorpion but do no damage.
The scorpion is almost dead.
You feel sick. The scorpion stings you.
* * * LOW HITPOINT WARNING * * *
You are lethally poisoned!
The scorpion poisons you!
You feel better. The scorpion stings you.
You are lethally poisoned!
The scorpion poisons you!
* * * LOW HITPOINT WARNING * * *
You feel very sick. The scorpion stings you.
* * * LOW HITPOINT WARNING * * *
* * * LOW HITPOINT WARNING * * *
You feel sick.
Okay, then.
It was a potion of brilliance.
You feel clever all of a sudden.
* * * LOW HITPOINT WARNING * * *
You feel sick. The scorpion misses you.
It was a potion of lignification.
You turn into a tree.
Your +0 pair of boots melds into your body.
Your roots penetrate the ground.
* * * LOW HITPOINT WARNING * * *
You feel sick.
The scorpion stings you but does no damage.
It was a potion of attraction.
You feel attractive to monsters.
You die...

#......#.#............
#......#.#............
#......#.#.###........
#......# #............
#......#.#####........
##.#...#..............
...#<..#######........
.######.................
.......♣########........
#######.sgK# #........
#....##Z#####........
#.....K.†..##........
#.....:....##...S....
#.............S......
#..........###.......
##.#.......# #.......
#(######### #.......


You could see a scorpion, a hobgoblin, a kobold and a hound skeleton.

Vanquished Creatures
  A phantom (D:4)
  2 hounds
  5 gnolls
  4 adders
  A worm (D:2)
  A dart slug (D:3)
  8 endoplasms
  2 giant cockroaches
  2 goblins (D:1)
  9 hobgoblins
  3 quokkas
  8 ball pythons
  7 bats
  5 frilled lizards
  8 kobolds
  6 rats (D:1)
72 creatures vanquished.

Vanquished Creatures (others)
  17 foxfires
17 creatures vanquished.

Grand Total: 89 creatures vanquished

Notes
Turn   | Place    | Note
-------+----------+-------------------------------------------
     0 | D:1      | croobank the Draconian Fire Elementalist began the quest
                  | for the Orb.
     0 | D:1      | Reached XP level 1. HP: 14/14 MP: 3/3
   328 | D:1      | Reached XP level 2. HP: 20/20 MP: 3/5
   331 | D:1      | Learned a level 2 spell: Scorch
  1017 | D:1      | Reached XP level 3. HP: 26/26 MP: 1/6
  2041 | D:2      | Reached XP level 4. HP: 33/33 MP: 2/7
  2161 | D:2      | Found Diphuini's Antique Weapon Shop.
  2175 | D:2      | Reached skill level 1 in Polearms
  2998 | D:3      | Found a faded altar of an unknown god.
  3344 | D:4      | Found Vouxteuc's General Store.
  3347 | D:4      | Found Wydedug's General Store.
  3348 | D:4      | Found Topeo's Jewellery Boutique.
  3349 | D:4      | Found Nuasaof's Antique Armour Boutique.
  3349 | D:4      | Noticed a phantom
  3375 | D:5      | Entered Level 5 of the Dungeon
  3388 | D:5      | Reached XP level 5. HP: 38/38 MP: 3/9
  3433 | D:5      | Noticed Sigmund
  3471 | D:5      | Noticed a lemure
  3471 | D:5      | Noticed a lemure
  3472 | D:5      | Noticed a lemure
  3474 | D:5      | Gained mutation: You are frail. (-10% HP) [potion of
                  | mutation]
  3474 | D:5      | Gained mutation: You occasionally shout uncontrollably at
                  | your foes. [potion of mutation]
  3474 | D:5      | Gained mutation: Your flesh is cold resistant. (rC+)
                  | [potion of mutation]
  3518 | D:4      | Killed a phantom
  3527 | D:4      | Reached skill level 4 in Fire Magic
  3527 | D:4      | Reached XP level 6. HP: 18/40 MP: 1/10
  3930 | D:4      | Bought 2 curare-tipped darts for 12 gold pieces
  3982 | D:4      | HP: 1/40 [poisoned by a scorpion]
  3984 | D:4      | Succumbed to a scorpion's poison

Illustrated notes

Levels and vault maps discovered:
D:1:      lightli_arrival_flooded_house, layout_loops_cross,
          kennysheep_another_room
D:2:      layout_loops_cross, serial_shops, nicolae_shop_hallway_plus,
          minmay_small_reverse_x
D:3:      layout_rooms, shapermc_ecumenical_altar_venn
D:4:      layout_basic, minmay_misc_feat_rugged, minmay_shop_grid_forest,
          hex_intersection
D:5:      layout_basic, uniq_blork_the_orc, uniq_pikel, uniq_sigmund

Skill      XL: |  1  2  3  4  5 |
---------------+----------------+-----
Dodging        | 2 |  2.8
Stealth        | 2 3 |  3.0
Polearms       | 1 2 |  2.0
Conjurations   | 2 |  2.5
Spellcasting   | 3 |  3.0
Fire Magic     | 4 |  4.0

Action                   |  1- 3 |  4- 6 || total
-------------------------+-------+-------++-------
Melee: Spear             |    49 |    81 ||   130
       Unarmed           |     3 |       ||     3
       Tailslap          |     7 |     7 ||    14
 Cast: Foxfire           |    13 |     1 ||    14
       Scorch            |    28 |    29 ||    57
  Use: Scroll            |       |     5 ||     5
       Potion            |       |     8 ||     8
 Stab: Sleeping          |       |     1 ||     1
Armor: Skin              |    18 |    59 ||    77
Dodge: Dodged            |    43 |    96 ||   139

Table legend: (Time is in decaauts)
 A = Elapsed time spent in this place.
 B = Non-inter-level travel time spent in this place.
 C = Inter-level travel time spent in this place.
 D = Time resting spent in this place.
 E = Time spent auto-exploring this place.
 F = Levels seen in this place.
 G = Mean time per level.
                   A        B        C        D        E       F      G
               +--------+--------+--------+--------+--------+-----+--------+
         Total |   3975 |   3919 |     56 |    954 |   2132 |   5 |  795.0 |
       Dungeon |   3975 |   3919 |     56 |    954 |   2132 |   5 |  795.0 |
               +--------+--------+--------+--------+--------+-----+--------+

Top non-repeatable levels by time:
     D:2: 1534 daAuts
     D:1: 1099 daAuts
     D:3: 707 daAuts
     D:4: 502 daAuts
     D:5: 131 daAuts
